 Dungeon Crawl Stone Soup version 0.25-a0-424-g80bd347ae0 (webtiles) character file.

Game seed: 14273018424044714401, levelgen mode: deterministic

70 BeastOfSaturn the Gusty (level 4, -5/40 HPs)
             Began as an Ogre Air Elementalist on Jan 23, 2020.
             Was an Initiate of Qazlal.
             Killed by divine providence
             ... invoked by an orc priest
              (14 damage)
             ... on level 3 of the Dungeon.
             The game lasted 00:08:53 (2331 turns).

BeastOfSaturn the Gusty (Ogre Air Elementalist)     Turns: 2331, Time: 00:08:53

Health: -5/40      AC:  3    Str: 13    XL:     4   Next: 21%
Magic:  4/8        EV: 13    Int: 16    God:    Qazlal [......]
Gold:   169        SH:  0    Dex:  9    Spells: 4/8 levels left

rFire    . . .     SeeInvis .   j - +2 flail (protect)
rCold    . . .     Gourm    .   (no shield)
rNeg     . . .     Faith    .   a - +0 robe
rPois    .         Spirit   .   (helmet restricted)
rElec    .         Reflect  .   (no cloak)
rCorr    .         Harm     .   (gloves unavailable)
MR       .....                  (boots unavailable)
Stlth    ++........             (no amulet)
HPRegen  0.13/turn              d - +3 ring of evasion
MPRegen  0.11/turn              (no ring)

@: very slightly contaminated, slowed, very slow
A: large, unfitting armour, tough skin 1
a: Renounce Religion


You were on level 3 of the Dungeon.
You worshipped Qazlal.
Qazlal was noncommittal.
You were not hungry.

You visited 1 branch of the dungeon, and saw 3 of its levels.

You collected 169 gold pieces.

Inventory:

Hand Weapons
 b - a +0 club
 j - a +2 flail of protection (weapon)
 o - a cursed -3 mace
Armour
 a - a +0 robe (worn)
Jewellery
 d - a +3 ring of evasion (left hand)
Scrolls
 e - a scroll of enchant weapon {unknown}
 f - a scroll of teleportation {unknown}
 g - a scroll of identify {unknown}
 h - a scroll of fog {unknown}
 i - 2 scrolls of immolation {unknown}
 k - 2 scrolls of magic mapping {unknown}
 l - a scroll of fear {unknown}
 n - a scroll of remove curse {unknown}
Potions
 m - a potion of curing {unknown}
Comestibles
 c - 2 rations


   Skills:
 + Level 0.6 Fighting
 + Level 0.3 Maces & Flails
 + Level 2.0 Dodging
 + Level 1.6 Stealth
 + Level 0.1 Unarmed Combat
 + Level 2.9 Spellcasting
 + Level 1.4 Conjurations
 + Level 3.6 Air Magic


You had 4 spell levels left.
You knew the following spells:

 Your Spells              Type           Power        Failure   Level  Hunger
a - Shock                 Conj/Air       ##..         7%          1    #......
b - Static Discharge      Conj/Air       ##......     21%         3    ###....

Your spell library contained the following spells:

 Spells                   Type           Power        Failure   Level  Hunger
 Swiftness                Chrm/Air       #.......     14%         2    ##.....
 Airstrike                Air            ##........   38%         4    #####..
 Lightning Bolt           Conj/Air       ##........   88%         5    ######.


Dungeon Overview and Level Annotations

Branches:
Dungeon (3/15)

Altars:
Ashenzari
Qazlal


Innate Abilities, Weirdness & Mutations

You are too large for most types of armour.
You have tough skin. (AC +1)


Message History

* * * LOW HITPOINT WARNING * * *
The orc wizard gestures wildly while chanting.
The orc wizard blinks!
The orc priest calls upon Beogh to heal the orc wizard.
The orc wizard's wounds heal themselves!
The orc wizard casts a spell.
The orc wizard blinks!
The orc wizard gestures wildly while chanting.
The orc wizard blinks!
The orc wizard mumbles some strange words.
The orc wizard blinks!
The orc wizard misses you.
You see here a +0 dagger.
The orc priest miscasts a cantrip.
The orc wizard casts a spell.
The orc wizard blinks!
The orc wizard points at you and mumbles some strange words.
You feel as though you will be slow longer.
The orc priest invokes the aid of Beogh against you.
Beogh smites you!
You die...

############### #..........)..#
#. #.###########.# #.# ########.#
#######.### #.#
#......#.#####......†..# #.#
#...##.........#####.#.. #.#
#...###........#####....
###.#######.§###@................
.......†..o..oo.#..####.###.#....
###.........#####..# # #.#.#..
#$######### #.... . #.#.# .o..#
#..### .. ....# ###.# ...# ##
##...# #.# ... ..... ..# .## ##
#. .o#


You could see an orc priest and 2 orc wizards.

Vanquished Creatures
  A gnoll (D:1)
  An adder (D:2)
  An ooze (D:3)
  2 worms
  A dart slug (D:3)
  6 orcs
  6 bats
  A goblin (D:3)
  4 hobgoblins
  A quokka (D:2)
  A ball python (D:1)
  3 frilled lizards (D:1)
  4 kobolds
  2 rats (D:2)
34 creatures vanquished.

Notes
Turn   | Place    | Note
-------+----------+-------------------------------------------
     0 | D:1      | BeastOfSaturn the Ogre Air Elementalist began the quest for
                  | the Orb.
     0 | D:1      | Reached XP level 1. HP: 16/16 MP: 3/3
   241 | D:1      | Reached skill level 1 in Conjurations
   663 | D:1      | Reached XP level 2. HP: 24/24 MP: 1/5
   925 | D:1      | Reached skill level 3 in Air Magic
  1444 | D:2      | Reached XP level 3. HP: 31/31 MP: 3/6
  1455 | D:2      | Learned a level 3 spell: Static Discharge
  1615 | D:2      | Found a shattered altar of Ashenzari.
  2088 | D:3      | Found a stormy altar of Qazlal.
  2098 | D:3      | Became a worshipper of Qazlal Stormbringer
  2210 | D:3      | Reached XP level 4. HP: 37/40 MP: 4/8
  2331 | D:3      | Killed from afar by an orc priest

Levels and vault maps discovered:
D:1:      onia_arrival_mini_spirals, layout_loops_ring, minmay_tetromino_i2
D:2:      layout_rooms, old_standard_altar, grunt_ministairs_8
D:3:      layout_loops_ring, marbit_many_paths, first_ration

Skill      XL: |  1  2  3 |
---------------+----------+-----
Conjurations   | 1 |  1.4
Air Magic      | 3 |  3.6
Dodging        | 2 |  2.0
Fighting       | |  0.6
Maces & Flails | |  0.3
Stealth        | |  1.6
Unarmed Combat | |  0.1
Spellcasting   | |  2.9

Action                   |  1- 3 |  4- 6 || total
-------------------------+-------+-------++-------
Melee: Unarmed           |    11 |       ||    11
       Club              |    14 |       ||    14
       Flail             |    21 |    11 ||    32
 Cast: Shock             |    37 |     4 ||    41
       Static Discharge  |     4 |     1 ||     5
 Stab: Sleeping          |     2 |       ||     2
  Eat: Ration            |     2 |       ||     2
Armor: Robe              |    13 |     2 ||    15
Dodge: Dodged            |    42 |     6 ||    48

Table legend:
 A = Non-vault XP
 B = Vault XP
 C = Vault XP percentage of total XP
 D = Non-vault monster count
 E = Vault monster count
 F = Vault count percentage of total count
                 A         B        C        D         E       F
            +---------+---------+-------+---------+---------+-------
      Total |      92 |       8 |   8.0 |      29 |       5 |  14.7
            +---------+---------+-------+---------+---------+-------
        D:1 |      26 |       3 |  10.3 |       9 |       2 |  18.2
        D:2 |      31 |       3 |   8.8 |      10 |       2 |  16.7
        D:3 |      35 |       2 |   5.4 |      10 |       1 |   9.1
            +---------+---------+-------+---------+---------+-------
